← All builds
Beach sea / Cortex / Economy first / OBSERVED BUILD

Standard beach sea

Cortex Beach sea build order · Supreme Isthmus

The role's usual play: com goes to sea to build a shipyard around 2 minutes, pumping frigates and destroyers to contest enemy sea entry or hold vision, with an advanced metal extractor around 10 minutes as the transition into the team's…

Usually shipyard first (94%)

#naval #eco · 812 distinct matches · 107 players · 84% of Cortex Beach sea games · team won 55% of 877 · Recently observed

HOW TO PLAY IT

Key timing: Shipyard by 1:57

  1. Open 3 mex and wind while com heads straight to sea.
  2. Drop Shipyard fast, before 2:00, to seize early sea presence.
  3. Push "frigate" out to contest enemy sea entry or hold vision.
  4. Add "destroyer" as the fleet grows.
  5. Transition into Advanced Metal Extractor to catch up on eco.

Phase by phase

TYPICAL OF ITS 812 GAMES
  1. 1
  2. 2
  3. 3
PLAY THE OPENING

Follow the example game's first 6:00 step by step: what to build now, what comes next, and where it goes. At 1× it keeps pace with your own game.

  1. 1

    Up to the Shipyard

    Economy
    • Metal Extractor3Mex
    • Wind Turbine3Windfor allies
    • Wind Turbine2Wind
    • Energy Storage1Energy storage
    Order
    1. ShipyardShipyard after 3 mex, 2 wind, 1 energy storagedone ~1:57, middle half 1:44–2:08

    By 1:41 in all: 3 mex · 2 wind · 1 energy storage

    The example game in this phase · 6 steps
    1. Mex ×3
    2. Wind
    3. Wind ×3for Air
    4. Energy storage
    5. Tidal
    6. ShipyardShipyarddone 1:55 · typical 1:57
  2. 2

    Shipyard to 5:00

    Economy
    • Metal Extractor5Mex
    • Tidal Generator2Tidal
    Builders
    • Construction Ship2 Con ship
    Army
    • Riptide2 Frigate
    • Herring1 Missile corvette
    • Oppressor1 Destroyer
    Other
    • Naval Radar / Sonar Tower1 Naval Radar / Sonar Tower

    Some games also: Urchin (43%) · wind (40%) · submarine (39%) · gunboat (36%) · con turret (35%)

    By 5:00 in all: 8 mex · 3 wind · 2 tidal · 1 energy storage

    The example game in this phase · 20 steps
    1. Tidal
    2. Construction ShipCon ship ×2
    3. SupporterGunboat ×2
    4. HerringMissile corvette
    5. Mex ×2
    6. HerringMissile corvette
    7. RiptideFrigatedone 3:15 · typical 3:52
    8. Mex
    9. Mex
    10. RiptideFrigate
    11. Mex
    12. Construction ShipCon ship
    13. UrchinUrchin
    14. Mex
    15. OppressorDestroyerdone 4:56 · typical 5:11
    16. Mex
    17. Naval Radar / Sonar TowerNaval Radar / Sonar Tower
    18. GuardGuard
    19. HerringMissile corvette
    20. Radar TowerRadar Tower
  3. 3

    5:00 to 10:00

    Economy
    • Metal Extractor1Mex
    • Wind Turbine10Wind
    Builders
    • Death Cavalry1 Death Cavalry
    • Construction Ship1 Con ship
    Army
    • Urchin1 Urchin
    • Riptide5 Frigate
    • Oppressor2 Destroyer
    • Herring2 Missile corvette
    Other
    • Naval Radar / Sonar Tower1 Naval Radar / Sonar Tower

    Some games also: Naval Construction Turret (48%) · Guard (47%) · Radar Tower (41%) · tidal (38%) · con turret (34%)

    By 10:00 in all: 9 mex · 12 wind · 4 wind · 4 tidal · 1 energy storage · 1 Naval Construction Turret

    The example game in this phase · 80 steps
    1. SentrySentry
    2. ThistleThistle
    3. Death CavalryDeath Cavalry
    4. Wind ×2
    5. RiptideFrigate
    6. Wind
    7. BeholderBeholder
    8. Wind
    9. RiptideFrigate
    10. Wind
    11. Wind ×2
    12. RiptideFrigate
    13. GuardGuard
    14. Wind
    15. Advanced Metal ExtractorT2 mexdone 7:50 · typical 9:58
    16. RiptideFrigate
    17. GuardGuard
    18. Wind
    19. UrchinUrchin
    20. RiptideFrigate
    21. Construction ShipCon ship
    22. OppressorDestroyer
    23. Advanced Metal ExtractorT2 mex
    24. HerringMissile corvette
    25. Construction ShipCon ship
    26. Naval Construction Turret
    27. HerringMissile corvette
    28. Naval Metal Storage
    29. Construction ShipCon ship
    30. Naval Construction Turret
    31. Advanced ShipyardAdvanced Shipyarddone 9:41
    32. HerringMissile corvette
    33. Construction ShipCon ship
    34. Advanced Metal ExtractorT2 mex
    35. Advanced Construction SubAdvanced Construction Sub
    36. Tidal ×3
    37. PathfinderPathfinder
    38. Tidal
    39. PathfinderPathfinder
    40. Tidal
    41. PathfinderPathfinder
    42. Tidal
    43. PathfinderPathfinder
    44. Tidal ×2
    45. Naval Advanced Metal ExtractorNaval Advanced Metal Extractordone 11:27
    46. PathfinderPathfinder
    47. Advanced Metal ExtractorT2 mex
    48. Mex
    49. Naval Advanced Metal ExtractorNaval Advanced Metal Extractor
    50. OasisOasis
    51. Tidal
    52. Mex
    53. Tidal
    54. UrchinUrchin
    55. Tidal ×2
    56. Naval Advanced Metal ExtractorNaval Advanced Metal Extractor
    57. Tidal
    58. Wind
    59. Tidal ×2
    60. Wind
    61. Tidal ×3
    62. PhantasmRadar jammer ship
    63. Tidal ×3
    64. Wind
    65. Tidal ×2
    66. DespotBattleshipdone 14:19
    67. UrchinUrchin
    68. Tidal
    69. Naval Advanced Metal ExtractorNaval Advanced Metal Extractor
    70. Wind
    71. Tidal ×2
    72. Wind
    73. OasisOasis
    74. Naval Radar / Sonar TowerNaval Radar / Sonar Tower
    75. UrchinUrchin
    76. Wind
    77. LampreyLampreydone 14:55
    78. Arrow StormAnti-air shipnot finished by 15:00
    79. Wind
    80. UrchinUrchin

Counts are medians over the build's games: half of them build more, half fewer. The example game is RAM_WetRat's (44 OS, 19/09/2026); pick another.

Team trades

IN AT LEAST 30% OF ITS GAMES

You hand over

  • Wind Turbine3 Wind to Airfirst at 1:52 · in 79% of games

You get

  • Finch1 Finch from Airfirst at 1:58 · in 82% of games
  • Lazarus1 Lazarus from Geofirst at 2:13 · in 62% of games
  • Hephaestus1 Heavy transport from Airfirst at 2:16 · in 68% of games
  • Construction Bot1 Con bot from Geofirst at 2:28 · in 69% of games
  • Hercules1 Light transport from Airfirst at 2:34 · in 32% of games
  • Advanced Construction Bot1 T2 con bot from Techfirst at 8:09 · in 88% of games

How it plays out

Typical game of this build, running totals by minute

Metal produced

010k20k30k
0:005:0010:0015:00

metal

Enemy metal destroyed

05k10k
0:005:0010:0015:00

metal

Own metal lost

02.5k5k7.5k
0:005:0010:0015:00

metal

877 games.

Show as table
ByMetal produced: This buildEnemy metal destroyed: This buildOwn metal lost: This build
1:0040300
2:0093700
3:00156800
4:0025312150
5:003701197100
6:005032534254
7:0064761096590
8:00807618331031
9:00968328541610
10:001159239942340
11:001382252133090
12:001635261643821
13:001911472004611
14:002195382755717
15:002492992706561
WHAT THE NUMBERS SAY

Standard Beach sea wins more than Geo sea's 50% and gets its Shipyard up faster, using early sea access before falling behind on land resources.

  • + Shipyard finishes by 1:57, faster than Geo sea's 3:18
  • + 54% team win rate beats the Cortex geo sea baseline
  • − Metal produced trails Geo sea's Cortex build, 24356 vs 28451 by 15:00
  • − T2 factory only lands in 35% of games by 12:42
THE EXAMPLE YOU ARE READING

RAM_WetRat

44.2 OS · 19/09/2026

Open source match ↗

6 received units · includes a constructor
248 metal received · 85023 energy received

Allied construction assistance is unknown. Timings are observations, not a promise of solo reproducibility.

Typical milestones

Shipyard1:57Middle 50%: 1:44–2:08 · n=875
Riptide3:52Middle 50%: 3:16–4:34 · n=863
Oppressor5:11Middle 50%: 4:16–6:08 · n=848
Advanced Metal Extractor9:58Middle 50%: 9:16–10:53 · n=743

Played most by

EpicTyrannus85games of this buildDamsko67games of this buildWaboum64games of this buildPRO_HYDRA60games of this buildMrCoolPotato51games of this build